 Dungeon Crawl Stone Soup version bcrawl-1.39.1 (webtiles) character file.

Game seed: 6491915453760169664

13924415 Grijm the Thanatomancer (level 27, 196/196 HPs)
             Began as a Grey Draconian Necromancer on Sept 27, 2023.
             Was the Champion of Yredelemnul.
             Escaped with the Orb
             ... and 3 runes on Sept 29, 2023!
             The game lasted 07:23:32 (70696 turns).

Grijm the Thanatomancer (DrNe)                     Turns: 70696, Time: 07:23:33

Health: 196/196    AC: 25    Str:  9    XL:     27
Magic:  47/47      EV: 22    Int: 28    God:    Yredelemnul [******]
Gold:   1717       SH: 10    Dex: 23    Spells: 1/66 levels left

rFire    + . .     GDR:     33% a - staff of death
rCold    + . .     SeeInvis .   D - +2 buckler {reflect}
rNeg     + . .     Gourm    .   (armour unavailable)
rPois    .         Faith    .   (helmet restricted)
rElec    +         Spirit   .   o - +0 cloak "Umylurhe" {rElec Str-3 Dex+10}
rCorr    .         Reflect  +   Y - +2 pair of gloves {Dex+3} {pickup}
MR       ++...                  X - +2 pair of boots {run}
Stlth    ++........             H - amulet "Pazeis Wato" {RegenMP Int+3}
HPRegen  0.42/turn              T - ring of protection from fire
MPRegen  0.86/turn              E - ring of protection from cold

@: studying 4 skills, quick
A: walk through water, unfitting armour, clumsy 1, frail 2, weak 1, unbreathing,
cold-blooded, AC +18
0: Orb of Zot
}: 3/15 runes: serpentine, barnacled, silver
a: Recall Undead Slaves, Injury Mirror, Animate Dead, Drain Life, Enslave Soul,
Renounce Religion


You escaped.
You worshipped Yredelemnul.
Yredelemnul was exalted by your worship.
You were full.

You visited 11 branches of the dungeon, and saw 44 of its levels.
You also visited: Sewer and Ice Cave.

You collected 7737 gold pieces.
You spent 6020 gold pieces at shops.

Inventory:

Hand Weapons
 s - the +0 hunting sling of Tumult {freeze, -Tele rF+ rN+ Int+2}
   (You found it on level 3 of the Spriggan Forest)

   It causes projectiles fired from it to freeze those they strike, increasing
   damage dealt by approximately one third against foes not resistant or
   susceptible to cold, and potentially slowing cold-blooded foes.
   It affects your intelligence (+2).
   It protects you from fire.
   It protects you from negative energy.
   It prevents most forms of teleportation.
Missiles
 M - 15 throwing nets {=f}
Armour
 o - the +0 cloak "Umylurhe" (worn) {rElec Str-3 Dex+10}
   (You acquired it on level 3 of the Vaults)

   It affects your strength (-3).
   It affects your dexterity (+10).
   It insulates you from electricity.
 D - a +2 buckler of reflection (worn)
 X - a +2 pair of boots of running (worn)
 Y - a +2 pair of gloves of dexterity (worn) {pickup}
Magical Staves
 a - an uncursed staff of death (weapon)
Jewellery
 E - a ring of protection from cold (right hand)
 H - the amulet "Pazeis Wato" (around neck) {RegenMP Int+3}
   (You acquired it on level 3 of the Vaults)

   [amulet of magic regeneration]

   It increases your magic regeneration.
   It affects your intelligence (+3).
 J - an uncursed ring of insulation
 T - a ring of protection from fire (left hand)
 W - an uncursed ring of resist corrosion
 Z - the ring of the King {rPois rN+ Dex+3}
   (You found it on level 3 of the Spriggan Forest)

   [ring of poison resistance]

   It affects your dexterity (+3).
   It protects you from poison.
   It protects you from negative energy.
Wands
 d - a wand of clouds (11)
 n - a wand of iceblast (23)
 u - a wand of paralysis (20)
 w - a wand of digging (34)
 K - a wand of acid (14)
 L - a wand of scattershot (21)
 N - a wand of charming (8)
Scrolls
 c - 7 scrolls of fog
 i - 4 scrolls of silence
 p - 10 scrolls of blinking
 v - 6 scrolls of revelation
 z - 14 scrolls of teleportation
 C - 2 scrolls of vulnerability
 F - 10 scrolls of fear
 Q - 15 scrolls of immolation
 R - 4 scrolls of summoning
 S - 4 scrolls of noise
Potions
 b - 12 potions of magic
 g - 5 potions of heal wounds
 j - 10 potions of might
 k - 8 potions of ambrosia
 l - 16 potions of agility
 r - 7 potions of cancellation
 t - a potion of resistance
 x - 4 potions of brilliance
 A - 6 potions of haste
 B - 15 potions of curing
 G - a potion of berserk rage
 I - 3 potions of invisibility
 O - 8 potions of mutation
 P - 4 potions of lignification
 V - 6 potions of flight
Miscellaneous
 f - a lamp of fire
 h - 3 boxes of beasts
 m - a fan of gales (2/2)
 q - 2 phantom mirrors
 y - a sack of spiders
 U - a phial of floods
Comestibles
 e - 18 rations {!d}


   Skills:
 - Level 20.0 Fighting
   Level 10.0 Short Blades
 - Level 10.0 Dodging
 + Level 11.5 Stealth
 - Level 8.0 Shields
 - Level 20.0 Spellcasting
 - Level 18.0 Conjurations
 - Level 10.0 Hexes
 - Level 12.0 Charms
 - Level 21.0 Summonings
 - Level 21.0 Necromancy
 - Level 8.0 Ice Magic
 - Level 10.0 Earth Magic
 - Level 5.0 Invocations
 - Level 15.0 Evocations


You had one spell level left.
You knew the following spells:

 Your Spells              Type           Power        Failure   Level  Hunger
a - Simulacrum            Ice/Necr       ########     1%          6    None
b - Borgnjor's Vile Clut  Necr/Erth      ########..   1%          6    None
c - Summon Mana Viper     Hex/Summ       #######.     1%          5    None
d - Death Channel         Chrm/Necr      ########..   1%          6    None
e - Dispel Undead         Necr           ########     0%          5    None
f - Bolt of Draining      Conj/Necr      ########..   1%          5    None
g - Iron Shot             Conj/Erth      #######...   1%          6    None
h - Necrotize             Necr           ######       0%          1    None
q - Spellforged Servitor  Conj/Summ      #######...   1%          7    #......
w - Orb of Destruction    Conj           #######...   1%          7    #......
x - Sublimation of Blood  Necr           ########..   0%          2    None
z - Regeneration          Chrm/Necr      ########..   0%          3    None
Z - Aura of Abjuration    Summ           #######...   1%          6    None

Your spell library contained the following spells:

 Spells                   Type           Power        Failure   Level  Hunger
 Magic Dart               Conj           ####         0%          1    None
 Summon Butterflies       Summ           #######.     0%          1    None
 Summon Small Mammal      Summ           ####         0%          1    None
 Corona                   Hex            ######.      1%          1    None
 Freeze                   Ice            ######       1%          1    None
 Infusion                 Chrm           #######.     1%          1    None
 Sandblast                Erth           ######       1%          1    None
 Slow                     Hex            ######..     1%          1    None
 Apportation              Tloc           ####..       2%          1    None
 Beastly Appendage        Tmut           ####..       2%          1    None
 Call Imp                 Summ           ######       0%          2    None
 Corpse Rot               Necr           N/A          0%          2    None
 Searing Ray              Conj           #######.     0%          2    None
 Call Canine Familiar     Summ           #######.     0%          3    None
 False Image              Hex/Summ       #######.     0%          3    None
 Iskenderun's Mystic Bla  Conj           #######.     0%          3    None
 Vampiric Draining        Necr           ########..   0%          3    None
 Agony                    Necr           ########     0%          4    None
 Animate Dead             Necr           N/A          0%          4    None
 Summon Demon             Summ           #######...   0%          5    None
 Ensorcelled Hibernation  Hex/Ice        ######       1%          2    None
 Passwall                 Tmut/Erth      ######..     1%          2    None
 Shackle                  Hex            ######..     1%          2    None
 Confuse                  Hex            ######..     1%          3    None
 Conjure Flame            Conj/Fire      ######..     1%          3    None
 Dazzling Orbs            Conj/Hex       #######      1%          3    None
 Inner Flame              Hex/Fire       N/A          1%          3    None
 Mephitic Cloud           Conj/Pois/Air  ######..     1%          3    None
 Recall                   Summ/Tloc      N/A          1%          3    None
 Stone Arrow              Conj/Erth      ######       1%          3    None
 Tukima's Dance           Hex            ######..     1%          3    None
 Cause Fear               Hex            ######....   1%          4    None
 Fulminant Prism          Conj/Hex       #######...   1%          4    None
 Sticky Flame             Conj/Fire      ######..     1%          4    None
 Summon Ice Beast         Ice/Summ       #######.     1%          4    None
 Irradiate                Conj/Tmut      ######....   1%          5    None
 Iskenderun's Battlesphe  Conj/Chrm      #######.     1%          5    None
 Lee's Rapid Deconstruct  Erth           ######....   1%          5    None
 Metabolic Englaciation   Hex/Ice        ######....   1%          5    None
 Piercing Shot            Chrm           #######...   1%          5    None
 Summon Forest            Summ/Tloc      ######....   1%          5    None
 Summon Lightning Spire   Summ/Air       ######..     1%          5    None
 Bolt of Cold             Conj/Ice       #######...   1%          6    None
 Summon Hydra             Summ           #######...   1%          6    None
 Monstrous Menagerie      Summ           #######...   1%          7    #......
 Shadow Creatures         Summ           N/A          1%          7    #......
 Blink                    Tloc           N/A          3%          2    None
 Sticks to Snakes         Tmut           ####....     3%          2    None
 Petrify                  Tmut/Erth      ######....   3%          4    None
 Tree Form                Hex/Tmut       N/A          3%          4    None
 Yara's Violent Unravell  Hex/Tmut       ######....   3%          4    None
 Ice Form                 Ice/Tmut       ######..     4%          4    None
 Steam Barrier            Chrm/Fire      ######....   5%          5    None
 Invisibility             Hex            ######..     6%          6    None
 Mana Rupture             Conj/Hex       #######...   6%          7    #......
 Beckoning                Tloc           ####......   7%          3    None
 Ignite Poison            Fire/Tmut/Pois ####....     7%          3    None
 Spider Form              Tmut/Pois      ###          7%          3    None
 Conjure Ball Lightning   Conj/Air       ######....   9%          6    None
 Poison Arrow             Conj/Pois      ######....   9%          6    None
 Freezing Cloud           Ice/Air        ######..     13%         5    None
 Ozocubu's Refrigeration  Ice            ######....   14%         6    None
 Deflect Missiles         Chrm/Air       ######....   30%         6    None
 Discord                  Hex            ######....   32%         7    #......
 Statue Form              Tmut/Erth      ######...    43%         6    None
 Virulence                Hex/Pois       ######..     43%         6    None
 Blade Hands              Tmut           ####......   54%         5    None
 Infestation              Hex/Tmut/Pois  #####....    67%         6    None
 Necromutation            Tmut/Necr      #######.     91%         8    None
 Dragon Form              Tmut           ####...      100%        7    #......
 Time Stop                Chrm/Tloc      N/A          100%        8    ####...


Dungeon Overview and Level Annotations

Branches:
Dungeon (12/12)            Temple (1/1) D:6            Lair (6/6) D:8
 Shoals (3/3) Lair:3        Snake (3/3) Lair:4        Slime (0/5) Orc
    Orc (1/1) D:11         Vaults (3/3) D:11         Forest (3/3) Lair:6
  Crypt (2/2) Vaults:1       Tomb (0/3) Crypt:2      Depths (5/5) D:12
    Zot (5/5) Depths:5

Altars:
Ashenzari
Cheibriados
Dithmenos
Fedhas
Hepliaklqana
Kikubaaqudgha
Lugonu
Makhleb
Nemelex Xobeh
Okawaru
Qazlal
Ru
Sif Muna
Trog
Uskayaw
Vehumet
Wu Jian
Xom
Yredelemnul
Zin
The Shining One
Jiyva

Shops:
D:4 *   D:5 *   D:8 (=!   D:9 (   Orc *[[*   Snake:1 *(   Snake:3 =}=
Vaults:1 }   Vaults:2 ((   Vaults:3 %%??!!!?

Portals:
Hell: Depths:1 Depths:2 Depths:3 Depths:4 Depths:5
Abyss: Shoals:3 Depths:3 Depths:4
Pandemonium: Depths:1 Depths:3
Ziggurat: Depths:3

Annotations:
Depths:3 1 runed door
Zot:5 1 exclusion


Innate Abilities, Weirdness & Mutations

You can walk through water.
Your dull iron-grey scales are very hard. (AC +18)
You cannot fit into any form of body armour.
You can survive without breathing.
You are cold-blooded and may be slowed by cold attacks.
You are clumsy. (Dex -2)
You are very frail. (-20% HP)
You are weak. (Str -2)


Message History

There is a stone staircase leading up here.
You climb upwards.
There is a stone staircase leading down here.
Things that are here:
a -1 dagger; a +0 club You swap places.
There is a stone staircase leading up here.
You climb upwards.
There is a stone staircase leading down here.
You see here a +0 club.
You see here a cursed -2 club.
There is a stone staircase leading up here.
You climb upwards.
There is a stone staircase leading down here.
You see here a +0 club.
You enter the shallow water.
Moving in this stuff is going to be slow.
There is a staircase leading out of the dungeon here.
The power of the Orb breaks the dimensional shunt like a soap bubble!
You have escaped!

#..##......#....###.# #....#....
#####......#....###.# #....#....
#..........###.)....# #######....
#.#....##+######.######.....'....
..#.......#≈≈≈≈♣≈♣≈≈≈≈#.#####....
###########≈.......P.≈#.# #....
###########≈......PPP≈#.# ###....
..........#♣....D..P.♣#.# #....#.
.......##..≈....@....≈..###.##.#.
.......####♣.P.....♣.♣#..........
.......####≈PPP...♣♣♣≈######.#...
....^.....#≈.P.....♣.≈# #.####
#########.#≈...♣.♣...≈# #.# ###
#.#≈≈≈≈♣.♣≈≈≈≈# #.# ..#
#.######.###### #.#### ..#
#........# #..... ..# ##########
######


You could see a friendly bone dragon.

Vanquished Creatures
  4 orbs of fire
  6 ancient liches
  3 Killer Klowns
  the Enchantress (Forest:3)
  4 golden dragons
  5 curse toes
  2 rockslimes (Zot:2)
  Nikola (Snake:1)
  An Orb Demon (Zot:3)
  2 electric golems (Zot:5)
  A bone dragon (Zot:2)
  3 Brimstone Fiends
  6 tentacled monstrosities
  A wendigo (Depths:5)
  3 liches
  26 Orb Guardians
  6 quicksilver dragons
  2 titans
  A kraken (Shoals:3)
  An acid blob (Zot:4)
  7 death cobs
  4 ancient champions
  Kirke (Lair:5)
  A tengu reaver (Depths:1)
  3 draconian monks
  6 storm dragons
  2 shadow dragons
  3 nagarajas
  4 ghouls
  A war gargoyle (Vaults:3)
  4 draconian knights
  2 frost giants
  2 apis
  An iron dragon (Depths:4)
  2 fire giants (Zot:3)
  A vault warden (Vaults:2)
  A ghost moth (Zot:2)
  A curse skull (Crypt:2)
  4 draconian shifters
  The ghost of Beaer the Imperceptible, an adept VSRg of Uskayaw (Snake:3)
  2 ironheart preservers (Vaults:2)
  A draconian stormcaller (Zot:4)
  A juggernaut skeleton (Vaults:1)
  3 very ugly things
  4 draconian scorchers
  6 spriggan defenders
  3 green draconians
  8 jiangshi
  A draconian annihilator (Zot:2)
  5 vampire knights
  8 stone giants
  2 black draconians (Zot:5)
  A deep elf demonologist (Vaults:3)
  12 purple draconians
  A black sun (D:12)
  9 yellow draconians
  4 white draconians
  3 spark wasps (Depths:2)
  5 red draconians
  An eidolon (Crypt:1)
  6 dire elephants
  A blizzard demon (D:12)
  A deep elf death mage (Crypt:2)
  A merfolk javelineer (Shoals:1)
  2 ettins
  A fire dragon (Zot:2)
  Josephine (D:10)
  5 vault guards (Vaults:3)
  5 ice dragons
  4 yaktaur captains
  A shambling mangrove (Forest:3)
  A naga warrior (Snake:2)
  A merfolk avatar (Shoals:3)
  7 ogre magi
  2 shadow wraiths
  2 catoblepae
  A hydra (Lair:1)
  2 spriggan air magi (Forest:3)
  4 anacondas
  27 two-headed ogres
  3 death knights
  3 satyrs
  7 death yaks
  7 vampire magi
  The ghost of mutifu the Bludgeoner, a novice MiFi of Okawaru (D:8)
  A merfolk aquamancer (Shoals:3)
  2 soul eaters
  A tengu warrior (D:11)
  5 deep troll shamans
  3 deep troll earth magi
  3 sea snakes
  11 spriggan berserkers
  2 naga sharpshooters (Snake:3)
  2 shock serpents (Snake:3)
  A titan skeleton (Crypt:2)
  8 deep trolls
  A deep elf knight (Vaults:3)
  21 spriggans
  24 skeletal warriors
  2 sixfirhies
  7 centaur warriors
  3 iron trolls
  7 hell knights
  6 flayed ghosts
  A glowing orange brain (Zot:4)
  An infernal demonspawn (Depths:3)
  A shadow dragon zombie (Crypt:2)
  3 spriggan druids (Forest:3)
  3 naga ritualists
  An anaconda zombie (Crypt:2)
  A golden dragon skeleton (Crypt:2)
  4 ironheart convokers
  An anaconda skeleton (Crypt:2)
  A deep elf archer (Vaults:3)
  11 phantasmal warriors
  2 mana vipers
  5 wizards
  A frost giant zombie (Depths:1)
  2 wolf spiders
  4 harpies
  5 necromancers
  3 fauns
  A tengu skeleton (Vaults:1)
  2 deep elf magi
  13 ugly things
  2 oklob plants
  An orc sorcerer (Vaults:1)
  2 iron dragon skeletons (Crypt:2)
  22 moths of wrath
  A manticore (Shoals:2)
  5 elephants
  2 stone giant skeletons
  A vault sentinel (Vaults:2)
  A fire giant skeleton (Depths:1)
  A frost giant skeleton (Vaults:1)
  3 water nymphs
  13 black mambas
  The ghost of Baz the Caller, a novice DrSu (D:4)
  3 guardian serpents (Snake:3)
  2 naga magi
  2 cane toads
  A smoke demon (D:6)
  The ghost of yrara the Chopper, a novice DsFi (D:5)
  7 rime drakes
  A yaktaur zombie (Depths:1)
  A freezing wraith (Crypt:1)
  6 flying skulls (Crypt:1)
  A red draconian zombie (Crypt:1)
  2 tengu conjurers
  2 dryads (Forest:2)
  3 komodo dragons
  2 hydra zombies (Crypt:2)
  3 yaktaurs
  A harpy zombie (Crypt:2)
  6 trolls
  A polar bear (Lair:2)
  A wolf spider simulacrum (Crypt:2)
  A yaktaur skeleton (Vaults:1)
  20 hornets
  4 blink frogs
  4 merfolk
  4 slime creatures
  6 hippogriffs
  3 dream sheep (Lair:5)
  A bog body (Crypt:2)
  A snapping turtle (Shoals:1)
  2 meliai zombies
  3 spectral black mambas (Snake:3)
  4 wraiths (Crypt:2)
  2 wyverns (Lair:3)
  2 ettin skeletons
  9 water elementals
  2 wyverns (shapeshifter)
  19 yaks
  A human (D:11)
  6 hogs
  3 basilisks
  A steam dragon (Lair:6)
  7 vampire mosquitoes
  3 hungry ghosts
  3 wargs
  14 nagas
  2 acid dragons
  A faun zombie (Crypt:1)
  A water moccasin (shapeshifter) (Depths:4)
  10 crocodiles
  2 water moccasins
  2 spectral nagas (Snake:3)
  An elf skeleton (Vaults:1)
  2 porcupines
  A soldier ant (D:12)
  A cane toad skeleton (D:10)
  15 ice beasts
  2 necrophages (Crypt:1)
  13 orc warriors
  A black bear (shapeshifter) (Depths:2)
  A black mamba simulacrum (Snake:3)
  A hornet zombie (D:12)
  29 ogres
  2 phantoms
  2 boggarts
  17 wolves
  A manticore skeleton (Crypt:1)
  A torpor snail zombie (Crypt:2)
  9 bullfrogs
  8 kobold brigands
  A naga simulacrum (Snake:3)
  2 centaurs
  A queen bee zombie (Crypt:2)
  5 killer bees (D:7)
  3 scorpions
  A shapeshifter zombie (Crypt:1)
  2 wights
  5 electric eels
  12 orc priests
  4 crimson imps
  3 howler monkeys
  6 hounds
  6 jellies
  2 quasits
  A gnoll shaman (D:4)
  12 human skeletons (Vaults:1)
  A black bear skeleton (Crypt:1)
  5 iguanas
  7 orc wizards
  A porcupine zombie (Crypt:2)
  6 worker ants
  A spriggan simulacrum (Crypt:2)
  A crocodile skeleton (Crypt:1)
  2 hound zombies (D:8)
  A hound skeleton (D:6)
  A howler monkey zombie (D:6)
  A worker ant zombie (D:9)
  3 gnolls (D:4)
  A howler monkey skeleton (Crypt:2)
  17 adders
  2 river rats (Sewer)
  A shadow imp (D:5)
  5 oozes (Sewer)
  2 adder skeletons
  An adder zombie (D:2)
  3 worms (Sewer)
  3 leopard geckos
  38 orcs
  4 bats
  3 giant cockroaches
  6 goblins
  6 hobgoblins
  7 jackals
  17 kobolds
  4 quokkas
  A ball python (D:1)
  A ball python zombie (Crypt:1)
  A frilled lizard (D:2)
  A gnoll skeleton (Crypt:2)
  A hobgoblin skeleton (Crypt:2)
  An orc zombie (Crypt:1)
  A quokka skeleton (D:2)
  6 rats
  A rat zombie (Crypt:1)
1063 creatures vanquished.

Vanquished Creatures (collateral kills)
  An ancient lich (Zot:5)
  An orb of fire (Zot:5)
  Xtahua (Depths:2)
  Sojobo (Depths:1)
  2 Killer Klowns
  4 golden dragons
  Saint Roka (Depths:2)
  Vashnia (Snake:3)
  A curse toe (Zot:2)
  2 pandemonium lords
  3 rockslimes
  A profane servitor (Vaults:2)
  2 Orb Demons
  3 electric golems
  9 tentacled monstrosities
  5 liches
  6 Orb Guardians (Zot:5)
  An Ice Fiend (Zot:3)
  Rupert (D:11)
  7 quicksilver dragons
  2 wendigos (Depths:4)
  2 titans (Depths:4)
  7 acid blobs (Zot:4)
  9 sphinxes
  4 storm dragons
  8 shadow dragons
  4 thorn hunters (Forest:3)
  A greenwood witch (Forest:1)
  4 draconian monks
  7 tengu reavers
  4 nagarajas (Snake:3)
  A balrug (Zot:3)
  9 fire giants
  A draconian knight (Zot:5)
  2 deep elf sorcerers (Depths:1)
  A war gargoyle (Vaults:2)
  2 orc warlords
  7 vault wardens
  A cacodemon (D:12)
  6 frost giants
  A blood saint (D:12)
  3 iron dragons
  5 draconian shifters
  A ghost moth (Zot:5)
  4 draconian scorchers
  14 ironheart preservers
  A reaper (Depths:1)
  16 stone giants
  5 elemental wellsprings
  4 draconian annihilators
  2 vampire knights
  An eye of devastation (shapeshifter) (Vaults:3)
  4 spriggan defenders
  4 green draconians
  22 very ugly things
  Nessos (D:11)
  2 black draconians
  3 dire elephants
  5 white draconians
  An entropy weaver (Vaults:3)
  A deep elf annihilator (Depths:3)
  2 pale draconians (Depths:5)
  8 red draconians
  4 spark wasps
  18 yellow draconians
  13 purple draconians
  4 merfolk javelineers
  14 ettins
  A green death (Zot:3)
  10 merfolk impalers
  A deep elf high priest (Vaults:3)
  3 crystal guardians (Vaults:3)
  8 fire dragons
  Urug (D:11)
  7 ice dragons
  A quicksilver dragon skeleton (Depths:1)
  Fannar (Lair:3)
  14 naga warriors
  4 yaktaur captains
  22 vault guards
  A hell beast (Depths:3)
  7 rakshasas
  11 spriggan air magi
  Psyche (D:12)
  3 hydras
  3 merfolk avatars (Shoals:3)
  2 catoblepae
  3 merfolk aquamancers
  8 anacondas
  32 two-headed ogres
  4 great orbs of eyes
  9 ogre magi
  6 satyrs
  4 shambling mangroves
  A death knight (Vaults:2)
  5 dancing weapons
  3 vampire magi
  6 deep troll shamans
  Sonja (Lair:6)
  8 sea snakes
  5 death yaks
  6 shock serpents
  2 ironheart beastmasters (Vaults:2)
  3 tengu warriors
  6 deep troll earth magi
  7 spriggan berserkers
  12 naga sharpshooters
  Nergalle (Lair:1)
  17 deep trolls
  5 deep elf knights
  A sun demon (Zot:3)
  A soul eater (Depths:3)
  5 iron trolls
  3 salamander mystics (Snake:3)
  14 centaur warriors
  A sixfirhy (Zot:4)
  2 skeletal warriors (Vaults:1)
  2 spriggan druids (Forest:3)
  13 hell knights
  A storm dragon skeleton (Vaults:1)
  2 glowing orange brains
  A flayed ghost (Vaults:3)
  3 wizards
  7 deep elf archers
  4 anaconda skeletons (Lair:4)
  A swamp dragon (Lair:6)
  3 naga ritualists (Snake:3)
  18 harpies
  5 phantasmal warriors
  A lindwurm (Lair:2)
  A necromancer (Depths:4)
  8 ironheart convokers
  4 cyclopes
  An orc sorcerer (Vaults:1)
  A cyclops (shapeshifter) (Vaults:3)
  21 ugly things
  10 manticores
  7 mana vipers
  4 deep elf magi (Vaults:3)
  3 salamanders
  16 fauns
  A stone giant skeleton (Vaults:1)
  14 moths of wrath
  4 merfolk sirens
  4 oklob plants
  3 guardian serpents
  3 will-o'-wisps (Forest:2)
  10 water nymphs
  7 elephants
  12 naga magi
  8 vault sentinels
  7 black mambas
  A fire giant skeleton (Vaults:1)
  5 smoke demons
  An orange demon (Depths:3)
  4 cane toads
  An efreet (Zot:3)
  A tengu conjurer (D:10)
  2 rime drakes (Lair:5)
  4 freezing wraiths (Vaults:3)
  2 hellwings (Zot:3)
  A red devil (Zot:3)
  A yaktaur skeleton (Vaults:1)
  A wolf spider simulacrum (D:9)
  15 yaktaurs
  27 merfolk
  A queen ant zombie (Crypt:2)
  8 trolls
  2 polar bears (Lair:6)
  2 wind drakes (Shoals:3)
  19 hornets
  A wind drake (shapeshifter) (Vaults:1)
  2 harpy skeletons (D:11)
  A blink frog (Lair:5)
  10 dream sheep
  9 hippogriffs
  13 slime creatures
  Grum (Lair:5)
  A hippogriff (shapeshifter) (Vaults:2)
  A frost giant simulacrum (Vaults:3)
  5 snapping turtles
  11 spriggans
  31 yaks
  Sigmund (D:3)
  41 water elementals
  3 hogs (Lair:5)
  A wraith (Vaults:2)
  A deep troll skeleton (Depths:4)
  A large abomination (Depths:5)
  A hog (shapeshifter) (Depths:2)
  A shadow (D:9)
  16 humans
  2 basilisks
  4 steam dragons
  A neqoxec (Zot:5)
  2 redbacks (Vaults:3)
  4 vampire mosquitoes
  3 wargs
  4 acid dragons
  34 nagas
  4 crocodiles
  A floating eye (Depths:2)
  A guardian serpent simulacrum (Snake:3)
  21 water moccasins
  4 porcupines
  9 orc warriors
  2 swamp drakes (Lair:6)
  9 boggarts
  A necrophage (D:11)
  A black mamba simulacrum (Snake:3)
  6 wolves
  28 ogres
  A kobold brigand (Sewer)
  6 bullfrogs
  2 centaurs
  A spectral naga (Snake:3)
  A killer bee (D:7)
  2 wights (D:8)
  A howler monkey (D:11)
  3 orc priests
  2 electric eels
  3 crimson imps
  10 jellies
  A hound (D:7)
  4 orc wizards
  A bullfrog skeleton (D:5)
  2 human skeletons (Vaults:1)
  3 iguanas
  2 worker ants
  A naga skeleton (Crypt:1)
  A hound zombie (D:5)
  14 adders
  A gnoll (D:3)
  A shadow imp (Depths:3)
  A leopard gecko (D:4)
  24 orcs
  2 ball pythons
  2 giant cockroaches
  A bat (D:1)
  2 frilled lizards (D:2)
  A goblin (D:2)
  A jackal skeleton (D:4)
  A jackal zombie (D:2)
  5 kobolds
  3 rats
  15 bushes (Depths:3)
  A fire vortex (Depths:2)
  18 fungi
  A lurking horror (Shoals:3)
  168 plants
  3 tentacles (Shoals:3)
1493 creatures vanquished.

Vanquished Creatures (others)
  5 profane servitors
  5 bone dragons
  2 liches
  7 ghouls
  A storm dragon (Zot:5)
  An eye of devastation (Depths:2)
  A draconian scorcher (Depths:5)
  A Killer Klown zombie (Zot:5)
  A spriggan defender (Forest:3)
  11 vampire knights
  3 quicksilver dragon zombies (Zot:2)
  A wendigo skeleton (Depths:5)
  7 very ugly thing zombies
  3 quicksilver dragon skeletons
  A deep troll earth mage (Depths:1)
  A storm dragon zombie (Zot:2)
  A centaur warrior (Vaults:1)
  A storm dragon skeleton (Zot:3)
  A ghost moth zombie (Zot:2)
  3 spark wasp zombies
  4 anaconda zombies
  5 skeletal warriors
  2 anaconda skeletons
  14 phantasmal warriors
  6 ugly thing zombies
  4 shadow dragon zombies
  3 tengu skeletons
  3 sphinx zombies (Vaults:3)
  8 draconian zombies
  An iron dragon skeleton (Zot:2)
  2 moths of wrath (Zot:5)
  3 stone giant skeletons
  A faun (Shoals:3)
  4 stone giant zombies
  4 draconian skeletons
  3 shock serpent zombies
  6 sea snake zombies
  A fire giant skeleton (Depths:2)
  A dire elephant zombie (Forest:3)
  A red draconian zombie (Zot:3)
  9 purple draconian zombies
  A shock serpent skeleton (Snake:2)
  2 dire elephant skeletons
  A green draconian zombie (Zot:2)
  A white draconian zombie (Zot:5)
  A yaktaur (Vaults:1)
  3 yellow draconian zombies
  A red draconian skeleton (Zot:5)
  11 freezing wraiths
  2 black draconian skeletons (Zot:5)
  A hydra zombie (D:11)
  2 white draconian skeletons (Zot:5)
  A purple draconian skeleton (Zot:2)
  2 harpy zombies
  3 yellow draconian skeletons
  A troll (Zot:3)
  A harpy skeleton (Shoals:2)
  A hornet (Forest:2)
  13 moth of wrath zombies
  3 guardian serpent zombies
  2 ettin zombies (Depths:1)
  6 black mamba zombies
  8 vampires
  An ettin skeleton (Depths:2)
  7 wraiths
  7 elf zombies
  4 vampire mosquitoes
  2 faun zombies (Shoals:3)
  3 centaur zombies
  6 deep troll zombies
  2 tengu zombies
  A salamander zombie (Snake:3)
  2 water nymph zombies
  An acid dragon (Depths:5)
  A merfolk skeleton (Shoals:1)
  6 elf skeletons (Vaults:3)
  6 two-headed ogre zombies
  A water nymph skeleton (Forest:3)
  4 merfolk zombies (Shoals:3)
  3 cane toad zombies
  4 two-headed ogre skeletons
  5 hornet zombies
  A snapping turtle zombie (Shoals:3)
  2 manticore zombies
  4 dream sheep zombies
  A hog zombie (Lair:5)
  An elephant zombie (Lair:4)
  2 elephant skeletons (Lair:4)
  A dream sheep skeleton (Shoals:2)
  3 vampire mosquito zombies (D:11)
  A manticore skeleton (Shoals:2)
  A snapping turtle skeleton (Shoals:3)
  A dryad zombie (Forest:2)
  2 hippogriff zombies
  6 yaktaur zombies
  7 water moccasin zombies
  A komodo dragon zombie (D:11)
  A centaur (D:12)
  2 yaktaur skeletons
  2 hippogriff skeletons
  A wyvern skeleton (Lair:3)
  4 yak zombies
  2 warg zombies
  2 troll zombies
  9 spriggan zombies
  29 naga zombies
  3 troll skeletons
  17 human skeletons
  2 naga skeletons (Snake:3)
  A polar bear skeleton (Lair:6)
  A warg skeleton (Orc)
  4 spriggan skeletons
  7 yak skeletons
  2 wolf zombies
  A wolf skeleton (Lair:1)
  2 bullfrog zombies
  A jelly (Zot:5)
  A basilisk zombie (Lair:2)
  A soldier ant zombie (D:12)
  23 human zombies
  2 bullfrog skeletons
  A porcupine zombie (Lair:1)
  14 ogre zombies
  A crocodile skeleton (Lair:2)
  4 ogre skeletons
  2 mummies
  2 necrophage skeletons (Crypt:1)
  A steam dragon zombie (Depths:5)
  A swamp drake zombie (Lair:6)
  6 centaur skeletons
  An iguana zombie (D:8)
  20 orc zombies
  2 adder skeletons (Lair:1)
  4 adder zombies
  An electric eel skeleton (Lair:3)
  A kobold (D:9)
  3 kobold zombies
  12 orc skeletons
  5 fire vortices (Depths:2)
  8 fungi
  128 plants
  4 tentacles (Shoals:3)
  13 toadstools
663 creatures vanquished.

Grand Total: 3219 creatures vanquished

Notes
Turn   | Place    | Note
-------+----------+-------------------------------------------
     0 | D:1      | Grijm the Draconian Necromancer began the quest for the
                  | Orb.
     0 | D:1      | Reached XP level 1. HP: 14/14 MP: 3/3
   192 | D:1      | Reached XP level 2. HP: 20/22 MP: 3/5
   220 | D:1      | Reached skill level 1 in Fighting
   605 | D:2      | Reached XP level 3. HP: 21/28 MP: 1/6
   712 | D:2      | Learned a level 3 spell: Vampiric Draining
  1520 | D:3      | Reached XP level 4. HP: 35/35 MP: 8/8
  1538 | D:3      | Learned a level 4 spell: Agony
  1565 | D:3      | Noticed Sigmund
  2103 | D:4      | Found Teklaupupi's Assorted Antiques.
  2115 | D:3      | Reached skill level 5 in Necromancy
  2258 | D:4      | Found a runed translucent door.
  2271 | D:3      | Reached XP level 5. HP: 40/40 MP: 10/10
  2279 | D:4      | Reached skill level 1 in Short Blades
  2324 | D:4      | Noticed Baz's ghost (novice DrSu)
  2410 | D:4      | Bought a grey potion for 24 gold pieces
  2410 | D:4      | Bought a bubbling inky potion for 24 gold pieces
  2410 | D:4      | Bought a scroll labeled SAYTEJ KEPEC for 27 gold pieces
  2445 | D:4      | Reached XP level 6. HP: 40/48 MP: 9/12
  2477 | D:4      | Learned a level 4 spell: Animate Dead
  2478 | D:4      | Found a glowing drain.
  2507 | Sewer    | Entered a sewer
  2926 | Sewer    | Your scales start taking on a dull iron-grey colour.
  2926 | Sewer    | Reached XP level 7. HP: 49/55 MP: 5/13
  2926 | Sewer    | Gained mutation: You can survive without breathing. [Grey
                  | Draconian growth]
  4002 | D:5      | Entered Level 5 of the Dungeon
  4150 | D:5      | Reached XP level 8. HP: 52/66 MP: 11/14
  4189 | D:5      | Found Puntevve's General Store.
  4202 | D:5      | Bought a potion of heal wounds for 70 gold pieces
  4202 | D:5      | Bought a scroll of identify for 28 gold pieces
  4203 | D:5      | Bought a scroll of teleportation for 42 gold pieces
  4395 | D:5      | Found a large runed translucent door.
  4395 | D:5      | Found a large runed translucent door.
  4397 | D:5      | Noticed yrara's ghost (novice DsFi)
  4412 | D:5      | Found a bloodstained altar of Trog.
  4458 | D:5      | Reached skill level 5 in Spellcasting
  4458 | D:5      | Reached skill level 1 in Shields
  4464 | D:5      | Learned a level 5 spell: Dispel Undead
  4640 | D:5      | Found an ornate altar of the Wu Jian Council.
  5076 | D:6      | Found a staircase to the Ecumenical Temple.
  5085 | Temple   | Entered the Ecumenical Temple
  5244 | Temple   | Became a worshipper of Yredelemnul the Dark
  5733 | D:6      | Found a sparkling altar of Nemelex Xobeh.
  5994 | D:7      | Found a sparkling altar of Nemelex Xobeh.
  6209 | D:7      | Noticed a troll
  6227 | D:7      | Killed a troll
  6228 | D:7      | Reached XP level 9. HP: 34/71 MP: 4/18
  6498 | D:7      | Reached * piety under Yredelemnul
  6886 | D:7      | Reached skill level 10 in Necromancy
  7019 | D:7      | Reached skill level 5 in Fighting
  7025 | D:7      | Reached skill level 5 in Shields
  7277 | D:8      | Noticed a troll
  7322 | D:8      | Reached XP level 10. HP: 72/83 MP: 9/20
  7336 | D:8      | Found a staircase to the Lair.
  7552 | D:8      | Found a runed translucent gate.
  7554 | D:8      | Found a runed translucent gate.
  7554 | D:8      | Identified the +7 battleaxe "Cossin" {vamp, rElec Dex+4}
  7577 | D:8      | Found Bisuuzy's Jewellery Emporium.
  7748 | D:8      | Learned a level 5 spell: Bolt of Draining
  7751 | D:8      | Found Focevir's Antique Weapon Shop.
  7819 | D:8      | Reached skill level 1 in Conjurations
  7819 | D:8      | Reached skill level 1 in Evocations
  7836 | D:8      | Noticed a two-headed ogre
  7936 | D:8      | Killed a two-headed ogre
  7998 | D:8      | Found a roughly hewn altar of Beogh.
  7998 | D:8      | Found a runed translucent gate.
  7998 | D:8      | Noticed mutifu's ghost (novice MiFi)
  8018 | D:8      | Found Sonol's Distillery.
  8022 | D:8      | Bought a potion of curing for 32 gold pieces
  8022 | D:8      | Bought a potion of haste for 130 gold pieces
  8022 | D:8      | Bought a potion of flight for 52 gold pieces
  8198 | D:8      | Killed mutifu's ghost
  8334 | D:8      | Reached ** piety under Yredelemnul
  8378 | D:8      | Identified a +0 pair of boots of running (You found it on
                  | level 8 of the Dungeon)
  8435 | Lair:1   | Entered Level 1 of the Lair of Beasts
  8537 | Lair:1   | Reached skill level 1 in Invocations
  8537 | Lair:1   | Reached XP level 11. HP: 89/89 MP: 23/23
  8950 | Lair:1   | Reached *** piety under Yredelemnul
  8962 | Lair:1   | Reached skill level 5 in Conjurations
  8962 | Lair:1   | Reached skill level 5 in Evocations
  9103 | Lair:1   | Noticed Nergalle
  9151 | Lair:1   | Killed Nergalle
  9815 | Lair:2   | Noticed a death yak
  9817 | Lair:2   | Noticed an eight-headed hydra
  9922 | Lair:1   | Your ally Nergalle died
 10032 | Lair:1   | Killed an eight-headed hydra
 10033 | Lair:1   | Reached skill level 5 in Invocations
 10486 | Lair:2   | Found a runed door.
 10528 | Lair:2   | Found a sparkling altar of Nemelex Xobeh.
 11349 | Lair:3   | Reached XP level 12. HP: 58/101 MP: 22/25
 11450 | Lair:3   | Identified the ring "Munuchueck" {Ice Str-5 Dex+4}
 11450 | Lair:3   | Noticed Fannar
 11469 | Lair:3   | Killed Fannar
 11672 | Lair:3   | Found a radiant altar of Vehumet.
 11794 | Lair:3   | Found a staircase to the Shoals.
 12111 | Lair:4   | Reached **** piety under Yredelemnul
 12245 | Lair:4   | Noticed a catoblepas
 12264 | Lair:4   | Killed a catoblepas
 12301 | Lair:4   | Reached skill level 10 in Spellcasting
 12573 | Lair:4   | Reached skill level 10 in Fighting
 12672 | Lair:4   | Found a staircase to the Snake Pit.
 12672 | Lair:4   | Noticed a sphinx
 12683 | Lair:4   | Killed a sphinx
 13404 | Lair:5   | Reached XP level 13. HP: 113/113 MP: 19/27
 13437 | Lair:5   | Noticed Grum
 13447 | Lair:5   | Killed Grum
 13688 | Lair:5   | Found a frozen archway.
 13704 | IceCv    | Entered an ice cave
 14347 | IceCv    | Learned a level 6 spell: Iron Shot
 14449 | IceCv    | Lost strength.
 14788 | Lair:5   | Noticed Kirke
 14805 | Lair:5   | Killed Kirke
 14918 | Lair:5   | Reached ***** piety under Yredelemnul
 15650 | Lair:6   | Entered Level 6 of the Lair of Beasts
 15720 | Lair:6   | Reached skill level 5 in Earth Magic
 16107 | Lair:6   | Found a staircase to the Spriggan Forest.
 16121 | Lair:6   | Noticed Sonja
 16239 | Lair:6   | Killed Sonja
 16816 | Lair:6   | Noticed a fire dragon
 16821 | Lair:6   | Killed a fire dragon
 16831 | Lair:6   | Reached XP level 14. HP: 91/121 MP: 21/28
 17489 | D:3      | Killed Sigmund
 17597 | D:4      | Killed Baz's ghost
 17697 | D:5      | Killed yrara's ghost
 17947 | Lair:2   | Identified the Handbook of Assistive Snow
 17950 | Lair:2   | Got a glittering tin ring
 17952 | Lair:2   | Identified the ring of Urelea {+Fly Dex+3} (You found it on
                  | level 2 of the Lair of Beasts)
 18286 | D:9      | Found Ugeteu's Weapon Shoppe.
 18412 | D:9      | Got a smoking lead ring
 18414 | D:9      | Identified the ring of Qoozen {+Fly Str+3} (You found it on
                  | level 9 of the Dungeon)
 18615 | D:9      | Reached skill level 10 in Earth Magic
 19241 | D:10     | Entered Level 10 of the Dungeon
 19307 | D:10     | Reached skill level 5 in Short Blades
 19772 | D:10     | Noticed Josephine
 19778 | D:10     | Killed Josephine
 20459 | D:11     | Found a staircase to the Orcish Mines.
 20648 | D:11     | Noticed Nessos
 20658 | D:11     | Found a gate to the Vaults.
 20660 | D:11     | Reached ****** piety under Yredelemnul
 20661 | D:11     | Noticed Rupert
 20664 | D:11     | Noticed Urug
 20668 | D:11     | Killed Nessos
 20682 | D:11     | Killed Rupert
 20687 | D:11     | Killed Urug
 20690 | D:11     | Reached skill level 15 in Necromancy
 20821 | D:11     | Reached XP level 15. HP: 108/126 MP: 23/29
 21474 | Orc      | Entered the Orcish Mines
 22292 | Orc      | Found Sirodoed's Antique Armour Shop.
 22292 | Orc      | Found Jyun Qapp's Assorted Antiques.
 22293 | Orc      | Found Selar's General Store.
 22293 | Orc      | Found Rassol's Antique Armour Shop.
 22315 | Orc      | Reached skill level 10 in Short Blades
 22428 | Orc      | Found a viscous altar of Jiyva.
 22429 | Orc      | Found a staircase to the Slime Pits.
 22597 | Orc      | Bought a scroll of blinking for 172 gold pieces
 22599 | Orc      | Bought a scroll of blinking for 90 gold pieces
 22599 | Orc      | Bought a scroll of identify for 24 gold pieces
 22603 | Orc      | Bought a runed buckler for 225 gold pieces
 22798 | Orc      | Bought a scroll of fear for 60 gold pieces
 22798 | Orc      | Bought a book of Unlife for 780 gold pieces
 22802 | Orc      | Learned a level 3 spell: Regeneration
 22810 | Orc      | Learned a level 6 spell: Death Channel
 22971 | D:12     | Entered Level 12 of the Dungeon
 23065 | D:12     | Reached skill level 1 in Charms
 23090 | D:12     | Found a bloodstained altar of Trog.
 23135 | D:12     | Noticed Psyche
 23143 | D:12     | Killed Psyche
 23228 | D:12     | Your ally Psyche died
 23618 | D:12     | Found a staircase to the Depths.
 24207 | Snake:1  | Entered Level 1 of the Snake Pit
 24207 | Snake:1  | Noticed a nagaraja
 24207 | Snake:1  | Noticed a nagaraja
 24408 | Snake:1  | Killed a nagaraja
 24473 | Snake:1  | Killed a nagaraja
 24510 | Snake:1  | Reached skill level 5 in Charms
 24616 | Snake:1  | Found Kunlalolu's Weapon Emporium.
 24623 | Snake:1  | Found Ezxaprel's Assorted Antiques.
 24636 | Snake:1  | Bought a scroll of revelation for 84 gold pieces
 24636 | Snake:1  | Bought a scroll labeled ERE TYUWKEPSA for 21 gold pieces
 24636 | Snake:1  | Bought a scroll labeled SEOSKOOXTO for 21 gold pieces
 24761 | Snake:1  | Reached skill level 10 in Conjurations
 24770 | Snake:1  | Noticed Nikola
 24776 | Snake:1  | Reached XP level 16. HP: 130/134 MP: 20/30
 24802 | Snake:1  | Killed Nikola
 26671 | Snake:3  | Entered Level 3 of the Snake Pit
 27156 | Snake:3  | Noticed Vashnia
 27181 | Snake:3  | Killed Vashnia
 27315 | Snake:3  | Found a runed translucent gate.
 27315 | Snake:3  | Found a runed translucent gate.
 27318 | Snake:3  | Found a runed translucent gate.
 27319 | Snake:3  | Noticed Beaer's ghost (adept VSRg)
 27511 | Snake:3  | Reached skill level 5 in Stealth
 27521 | Snake:3  | Reached XP level 17. HP: 84/140 MP: 8/32
 27540 | Snake:3  | Reached skill level 10 in Charms
 27561 | Snake:3  | Identified the amulet "Zewumaj" {Faith rN+ Dex+4}
 28141 | Snake:3  | Got a serpentine rune of Zot
 28517 | Snake:3  | Found Coxzirorr's Gadget Boutique.
 28518 | Snake:3  | Found Cabehets's Jewellery Emporium.
 28518 | Snake:3  | Found Ithoh's Jewellery Emporium.
 28682 | Snake:3  | Killed Beaer's ghost
 28977 | Shoals:1 | Entered Level 1 of the Shoals
 30606 | Shoals:2 | Identified the +2 leather armour of the Barber Surgeon
                  | {Dex+3}
 30817 | Shoals:2 | Reached skill level 15 in Spellcasting
 31311 | Shoals:3 | Entered Level 3 of the Shoals
 31397 | Shoals:3 | Noticed a kraken
 31402 | Shoals:3 | Killed a kraken
 31453 | Shoals:3 | Found a corrupted altar of Lugonu.
 31453 | Shoals:3 | Found a one-way gate to the infinite horrors of the Abyss.
 31474 | Shoals:3 | Reached XP level 18. HP: 139/149 MP: 25/37
 31581 | Shoals:3 | Identified the cursed +3 scimitar of the Orb {chaos, rC+
                  | Dex+4}
 32507 | Shoals:3 | Got a barnacled rune of Zot
 32821 | Vaults:1 | Entered Level 1 of the Vaults
 33988 | Vaults:1 | Reached XP level 19. HP: 160/160 MP: 11/38
 34183 | Vaults:1 | Learned a level 7 spell: Spellforged Servitor
 34187 | Vaults:1 | Found Ewum's Gadget Shop.
 34825 | Vaults:1 | Found a staircase to the Crypt.
 35318 | Vaults:2 | Reached skill level 1 in Summonings
 35756 | Vaults:2 | Killed a profane servitor
 35933 | Vaults:2 | Found Becuq's Antique Weapon Shoppe.
 36386 | Vaults:2 | Reached skill level 5 in Summonings
 36527 | Vaults:2 | Found Ziluet's Weapon Shop.
 37471 | Crypt:1  | Entered Level 1 of the Crypt
 37824 | Crypt:1  | Reached XP level 20. HP: 173/173 MP: 33/39
 38292 | Crypt:1  | Found an ancient bone altar of Kikubaaqudgha.
 39299 | Crypt:2  | Entered Level 2 of the Crypt
 39353 | Crypt:2  | Found a staircase to the Tomb.
 39769 | Crypt:2  | Noticed a curse toe
 40450 | Crypt:2  | Killed a curse toe
 40866 | Crypt:2  | Reached skill level 15 in Fighting
 41487 | Crypt:2  | Learned a level 2 spell: Sublimation of Blood
 41811 | Crypt:2  | Reached skill level 10 in Summonings
 42427 | Crypt:2  | Noticed an ancient lich
 42427 | Crypt:2  | Noticed an ancient lich
 42595 | Crypt:2  | Killed an ancient lich
 42855 | Crypt:2  | Killed an ancient lich
 42874 | Crypt:2  | Learned a level 6 spell: Aura of Abjuration
 42876 | Crypt:2  | Identified the +6 whip "Loihynny" {holy, Dex+4}
 43276 | Forest:1 | Entered Level 1 of the Spriggan Forest
 43306 | Forest:1 | Reached XP level 21. HP: 93/184 MP: 10/40
 47324 | Forest:3 | Entered Level 3 of the Spriggan Forest
 48781 | Forest:3 | Identified the cursed ring of the King {rPois rN+ Dex+3}
 48841 | Forest:3 | Identified the ring of Nozai {rPois Int-3 Dex+2 Stlth++}
 48843 | Forest:3 | Identified the +1 faerie dragon scales {Regen+ rCorr MP+9
                  | Stlth+}
 48843 | Forest:3 | Noticed the Enchantress
 48873 | Forest:3 | Killed the Enchantress
 48890 | Forest:3 | Reached XP level 22. HP: 98/192 MP: 1/41
 49086 | Forest:3 | Identified the +0 hunting sling of Tumult {freeze, -Tele
                  | rF+ rN+ Int+2}
 49446 | Depths:1 | Entered Level 1 of the Depths
 49757 | Depths:1 | Reached skill level 15 in Conjurations
 49855 | Depths:1 | Found a gateway to Hell.
 49890 | Depths:1 | Reached skill level 15 in Summonings
 50132 | Depths:1 | Found a one-way gate leading to the halls of Pandemonium.
 50155 | Depths:1 | Noticed Sojobo
 50170 | Depths:1 | Killed Sojobo
 50732 | Depths:1 | Found the +7 captain's cutlass {speed, disarm}
 50735 | Depths:1 | Found the +8 lance "Wyrmbane" {slay drac, rPois rF+ rC+
                  | AC+3}
 51208 | Depths:2 | Noticed Saint Roka
 51305 | Depths:2 | Killed Saint Roka
 51639 | Depths:2 | Identified the cursed ring of Agnosticism {Ice rElec}
 51641 | Depths:2 | Reached XP level 23. HP: 196/199 MP: 24/42
 52205 | Depths:2 | Noticed Xtahua
 52221 | Depths:2 | Killed Xtahua
 53414 | Depths:3 | Found a gateway to a ziggurat.
 53593 | Depths:3 | Noticed a caustic shrike
 53593 | Depths:3 | Found a runed door.
 54417 | Depths:4 | Paralysed by a sphinx for 4 turns
 54844 | Depths:4 | Noticed a golden dragon
 54851 | Depths:4 | Killed a golden dragon
 54861 | Depths:4 | Identified the +1 leather armour of Absence {rF+ rN+ Regen+
                  | rCorr Slay-3}
 55454 | Depths:5 | Entered Level 5 of the Depths
 55511 | Depths:5 | Noticed a Killer Klown
 55521 | Depths:5 | Killed a Killer Klown
 55523 | Depths:5 | Reached XP level 24. HP: 155/206 MP: 25/43
 55734 | Depths:5 | Noticed a golden dragon
 55799 | Depths:5 | Killed a golden dragon
 55975 | Depths:5 | Found a gate to the Realm of Zot.
 56203 | Depths:5 | Reached skill level 10 in Evocations
 56224 | Depths:5 | Learned a level 6 spell: Simulacrum
 56428 | Depths:5 | Found a shattered altar of Ashenzari.
 56798 | Vaults:3 | Entered Level 3 of the Vaults
 56808 | Vaults:3 | Reached skill level 1 in Ice Magic
 56864 | Vaults:3 | Noticed a golden dragon
 56870 | Vaults:3 | Killed a golden dragon
 56939 | Vaults:3 | Reached skill level 5 in Dodging
 56946 | Vaults:3 | Reached skill level 5 in Ice Magic
 57135 | Vaults:3 | Identified the ring "Qoptor Osae" {*Tele rPois Str+3}
 57508 | Vaults:3 | Identified the cursed ring of the Briny Deep {Fire +Fly rN+
                  | Str-5 Dex+3}
 57696 | Vaults:3 | Reached XP level 25. HP: 190/213 MP: 31/43
 57704 | Vaults:3 | Found Jigg's Distillery.
 57704 | Vaults:3 | Found Lycwi's Distillery.
 57755 | Vaults:3 | Bought a potion of cancellation for 70 gold pieces
 57755 | Vaults:3 | Bought a potion of haste for 140 gold pieces
 57755 | Vaults:3 | Bought a potion of heal wounds for 70 gold pieces
 57755 | Vaults:3 | Bought a potion of curing for 35 gold pieces
 57755 | Vaults:3 | Bought a potion of curing for 35 gold pieces
 57755 | Vaults:3 | Bought 2 potions of ambrosia for 112 gold pieces
 57755 | Vaults:3 | Bought a potion of curing for 35 gold pieces
 57755 | Vaults:3 | Bought a potion of brilliance for 56 gold pieces
 57755 | Vaults:3 | Bought a potion of invisibility for 112 gold pieces
 57755 | Vaults:3 | Bought 2 potions of agility for 112 gold pieces
 57755 | Vaults:3 | Bought a potion of agility for 56 gold pieces
 57767 | Vaults:3 | Bought a potion of magic for 65 gold pieces
 57767 | Vaults:3 | Bought a potion of resistance for 130 gold pieces
 57767 | Vaults:3 | Bought a potion of curing for 32 gold pieces
 57767 | Vaults:3 | Bought a potion of heal wounds for 65 gold pieces
 57767 | Vaults:3 | Bought a potion of magic for 65 gold pieces
 57767 | Vaults:3 | Bought a potion of magic for 65 gold pieces
 57767 | Vaults:3 | Bought a potion of cancellation for 65 gold pieces
 57767 | Vaults:3 | Bought a potion of ambrosia for 52 gold pieces
 57790 | Vaults:3 | Found Hiss's Magic Scroll Shop.
 57795 | Vaults:3 | Bought a scroll of acquirement for 728 gold pieces
 57795 | Vaults:3 | Identified the +7 rapier of Sodgh {drain, rC+ MR++ Str-4
                  | Int+4} (You acquired it on level 3 of the Vaults)
 57795 | Vaults:3 | Identified Grijm's Incunabulum of Sinister Rites (You
                  | acquired it on level 3 of the Vaults)
 57823 | Vaults:3 | Found Genoud's Magic Scroll Boutique.
 57884 | Vaults:3 | Bought a scroll of blinking for 150 gold pieces
 57884 | Vaults:3 | Bought a scroll of acquirement for 1040 gold pieces
 57884 | Vaults:3 | Identified the amulet "Pazeis Wato" {RegenMP Int+3} (You
                  | acquired it on level 3 of the Vaults)
 57930 | Vaults:3 | Identified the ring "Qavviuc" {+Fly Slay+3}
 57952 | Vaults:3 | Identified the +1 scale mail of Donlapa {MR+}
 58272 | Vaults:3 | Got a silver rune of Zot
 58400 | Vaults:3 | Paralysed by a sphinx for 3 turns
 58637 | Vaults:3 | Found Weorua's Food Shop.
 58637 | Vaults:3 | Found Wuteabimyk's Food Emporium.
 58656 | Vaults:3 | Found Segud's Magic Scroll Boutique.
 58667 | Vaults:3 | Found Evaus's Distillery.
 58668 | Vaults:3 | Bought a scroll of acquirement for 624 gold pieces
 58668 | Vaults:3 | Identified the +0 cloak "Umylurhe" {rElec Str-3 Dex+10}
                  | (You acquired it on level 3 of the Vaults)
 58668 | Vaults:3 | Identified the ring of Jealousy {+Blink rC- MR+ MP+9
                  | Stlth+} (You acquired it on level 3 of the Vaults)
 58668 | Vaults:3 | Identified Zoeguab's Catalogue of Creation (You acquired it
                  | on level 3 of the Vaults)
 58690 | Vaults:3 | Bought a potion of magic for 100 gold pieces
 58690 | Vaults:3 | Bought a potion of heal wounds for 100 gold pieces
 59210 | Zot:1    | Entered Level 1 of the Realm of Zot
 59439 | Zot:1    | Reached skill level 10 in Dodging
 59852 | Zot:1    | Noticed a golden dragon
 59858 | Zot:1    | Killed a golden dragon
 61313 | Zot:2    | Reached XP level 26. HP: 221/221 MP: 29/45
 61332 | Zot:2    | Learned a level 6 spell: Borgnjor's Vile Clutch
 62209 | Zot:2    | Noticed a golden dragon
 62210 | Zot:2    | Noticed an ancient lich
 62219 | Zot:2    | Killed a golden dragon
 62224 | Zot:2    | Killed an ancient lich
 62531 | Zot:2    | Noticed a Killer Klown
 62539 | Zot:2    | Killed a Killer Klown
 62555 | Zot:2    | Noticed an orb of fire
 62568 | Zot:2    | Noticed a golden dragon
 62583 | Zot:2    | Killed a golden dragon
 62871 | Zot:2    | Noticed a Killer Klown
 62879 | Zot:2    | Killed a Killer Klown
 62925 | Zot:2    | Gained mutation: You are frail. (-10% HP) [an orb of fire]
 62934 | Zot:2    | Killed an orb of fire
 63462 | Zot:3    | Identified the +2 leather armour of Bekuah {+Blink rC+
                  | Dex+5}
 63773 | Zot:3    | Noticed a golden dragon
 63788 | Zot:3    | Killed a golden dragon
 63792 | Zot:3    | Noticed a golden dragon
 63794 | Zot:3    | Killed a golden dragon
 63795 | Zot:3    | Reached XP level 27. HP: 141/204 MP: 30/47
 63916 | Zot:3    | Reached skill level 15 in Evocations
 64024 | Zot:3    | Learned a level 5 spell: Summon Mana Viper
 64253 | Zot:3    | Reached skill level 1 in Hexes
 64804 | Zot:4    | Identified the cursed +1 broad axe "Wevuxt" {elec, *Drain
                  | +Fly rN+}
 64928 | Zot:4    | Reached skill level 5 in Hexes
 65308 | Zot:4    | Identified the +9 shortbow of the Skies Above {venom, rElec
                  | rC+++ Dex-5 Stlth+}
 65583 | Zot:5    | Entered Level 5 of the Realm of Zot
 65697 | Zot:5    | Reached skill level 10 in Hexes
 66098 | Zot:5    | Noticed an orb of fire
 66105 | Zot:5    | Gained mutation: You are clumsy. (Dex -2) [an orb of fire]
 66111 | Zot:5    | Killed an ancient lich
 66114 | Zot:5    | Killed an orb of fire
 66533 | Zot:5    | Noticed an orb of fire
 66534 | Zot:5    | Killed an ancient lich
 66537 | Zot:5    | Gained mutation: You are very frail. (-20% HP) [an orb of
                  | fire]
 66549 | Zot:5    | Gained mutation: You are weak. (Str -2) [an orb of fire]
 66550 | Zot:5    | Killed an orb of fire
 66922 | Depths:3 | Learned a level 7 spell: Orb of Destruction
 67591 | Zot:5    | Noticed an ancient lich
 67596 | Zot:5    | Killed an ancient lich
 68065 | Zot:5    | Noticed an ancient lich
 68068 | Zot:5    | Noticed an orb of fire
 68069 | Zot:5    | Killed an ancient lich
 68240 | Zot:5    | Noticed an orb of fire
 68243 | Zot:5    | Killed an orb of fire
 68519 | Zot:5    | Killed an orb of fire
 69984 | Zot:5    | Got the Orb of Zot
 69992 | Zot:5    | Noticed Duenist the pandemonium lord
 70000 | Zot:5    | Killed Duenist the pandemonium lord
 70322 | Depths:3 | Reached skill level 10 in Stealth
 70504 | D:10     | Noticed Yqaunn the pandemonium lord
 70522 | D:10     | Killed Yqaunn the pandemonium lord
 70696 | D:$      | Escaped with the Orb!

Skill      XL: |  1  2  3  4  5  6  7  8  9 10 11 12 13 14 15 16 17 18 19 20 21 22 23 24 25 26 27 |
---------------+----------------------------------------------------------------------------------+-----
Fighting       | 1 2 4 6 8 10 12 13 15 20 | 20.0
Spellcasting   | 3 4 6 7 8 9 10 11 15 16 18 20 | 20.0
Necromancy     | 5 6 8 10 11 14 15 16 18 20 21 | 21.0
Dodging        | 2 8 10 | 10.0
Short Blades   | 2 8 10 | 10.0
Shields        | 4 5 7 8 |  8.0
Conjurations   | 3 6 8 10 11 14 16 17 18 | 18.0
Evocations     | 3 5 8 10 14 15 | 15.0
Invocations    | 1 5 |  5.0
Earth Magic    | 8 10 | 10.0
Charms         | 5 9 10 12 | 12.0
Stealth        | 5 11 | 11.5
Summonings     | 6 11 14 16 17 18 21 | 21.0
Ice Magic      | 8 |  8.0
Hexes          | 10 | 10.0

Action                   |  1- 3 |  4- 6 |  7- 9 | 10-12 | 13-15 | 16-18 | 19-21 | 22-24 | 25-27 || total
-------------------------+-------+-------+-------+-------+-------+-------+-------+-------+-------++-------
Melee: Dagger            |    58 |    41 |    66 |       |   410 |   185 |   164 |    31 |       ||   955
       Tailslap          |     5 |     8 |     6 |    24 |    57 |    22 |    26 |     6 |     4 ||   158
       Trident           |       |       |       |   190 |   143 |       |       |       |       ||   333
       Staff             |       |       |       |       |       |       |       |     1 |    25 ||    26
 Fire: Hand crossbow     |       |       |   110 |   142 |    36 |    12 |     7 |       |       ||   307
Throw: Stone             |     8 |    31 |    10 |       |       |       |       |       |       ||    49
       Tomahawk          |       |       |       |     6 |    24 |       |       |       |       ||    30
 Cast: Necrotize         |    39 |    60 |    91 |    97 |    89 |     1 |       |       |       ||   377
       Agony             |       |     2 |     4 |    16 |    12 |       |       |       |     2 ||    36
       Animate Dead      |       |       |     3 |     5 |       |       |       |       |       ||     8
       Vampiric Draining |       |       |    13 |    24 |    24 |    17 |     9 |     6 |     2 ||    95
       Dispel Undead     |       |       |     4 |    10 |    23 |    31 |   261 |    25 |    31 ||   385
       Bolt of Draining  |       |       |       |     6 |    82 |   103 |   180 |   190 |   281 ||   842
       Regeneration      |       |       |       |       |       |    18 |     9 |    35 |    37 ||    99
       Death Channel     |       |       |       |       |       |    33 |    43 |    64 |    89 ||   229
       Sublimation of Bl |       |       |       |       |       |       |    19 |    48 |    85 ||   152
       Iron Shot         |       |       |       |       |       |       |    33 |     4 |    87 ||   124
       Aura of Abjuratio |       |       |       |       |       |       |    11 |    11 |     6 ||    28
       Spellforged Servi |       |       |       |       |       |       |       |    16 |    40 ||    56
       Simulacrum        |       |       |       |       |       |       |       |     3 |    11 ||    14
       Borgnjor's Vile C |       |       |       |       |       |       |       |       |    50 ||    50
       Orb of Destructio |       |       |       |       |       |       |       |       |    45 ||    45
       Summon Mana Viper |       |       |       |       |       |       |       |       |    37 ||    37
Invok: Recall Undead Sla |       |       |       |     1 |     1 |     5 |     7 |     5 |     9 ||    28
       Animate Dead      |       |       |       |     1 |     7 |    17 |     7 |    14 |     8 ||    54
Evoke: Wand              |       |       |       |     6 |     8 |       |     9 |       |     6 ||    29
       Phial of floods   |       |       |       |       |     1 |     1 |       |       |     1 ||     3
       Lamp of fire      |       |       |       |       |     1 |       |     1 |     1 |       ||     3
       Fan of gales      |       |       |       |       |       |       |     1 |       |       ||     1
  Use: Scroll            |     3 |     2 |     4 |     3 |    16 |     4 |     5 |     4 |    13 ||    54
       Potion            |       |       |       |       |     1 |     4 |       |     2 |    11 ||    18
 Stab: Sleeping          |     3 |     1 |     2 |     2 |     7 |     2 |     2 |       |       ||    19
       Distracted        |       |       |     1 |     2 |     8 |     5 |     2 |       |       ||    18
  Eat: Chunk             |     5 |     6 |    11 |    30 |    38 |    28 |    31 |    33 |    12 ||   194
       Ration            |       |       |     5 |     4 |    11 |     9 |    13 |     6 |    14 ||    62
Armor: Skin              |    24 |    16 |    44 |   135 |   252 |   133 |    73 |    83 |    67 ||   827
Dodge: Dodged            |    41 |    34 |    83 |   178 |   271 |   107 |    81 |    79 |   194 ||  1068
Block: Buckler           |       |       |       |   156 |   280 |   121 |    86 |    67 |    87 ||   797
       Reflection        |       |       |       |       |    26 |    30 |     9 |     7 |     8 ||    80
